 Dungeon Crawl Stone Soup version 0.20-a0-809-gaf7f668 (webtiles) character file.

242 dvd the Magician (level 5, -4/28 HPs)
             Began as a Deep Elf Fire Elementalist on Mar 2, 2017.
             Was an Initiate of Ru.
             Killed by divine providence
             ... invoked by an orc priest
              (14 damage)
             ... on level 3 of the Dungeon.
             The game lasted 00:05:40 (2304 turns).

dvd the Magician (Deep Elf Fire Elementalist)       Turns: 2304, Time: 00:05:41

Health: -4/28      AC:  3    Str:  5    XL:     5   Next: 82%
Magic:  6/14       EV: 13    Int: 21    God:    Ru [......]
Gold:   113        SH:  0    Dex: 15    Spells: 7/14 levels left

rFire    . . .     SeeInvis .   q - +0 dagger (holy)
rCold    . . .     Gourm    .   a - +0 robe
rNeg     . . .     Faith    .   (no shield)
rPois    .         Spirit   .   (no helmet)
rElec    .         Reflect  .   (no cloak)
rCorr    .         Harm     .   f - +0 pair of gloves
MR       .....                  (no boots)
Stlth    ++........             (no amulet)
Regen    0.1/turn               (no ring)
MPRegen  0.2/turn               n - ring of wizardry

@: no status effects
A: no striking features
a: Renounce Religion


You were on level 3 of the Dungeon.
You worshipped Ru.
Ru was noncommittal.
You were not hungry.

You visited 1 branch of the dungeon, and saw 3 of its levels.

You collected 113 gold pieces.

Inventory:

Hand Weapons
 g - a +0 dagger
 q - a +0 dagger of holy wrath (weapon)
 t - a +0 long sword
Armour
 a - a +0 robe (worn)
 f - a +0 pair of gloves (worn)
Jewellery
 n - a ring of wizardry (left hand)
Wands
 u - a wand of clouds (4/9)
Scrolls
 e - 7 scrolls of identify {unknown}
 i - 2 scrolls of immolation {unknown}
 k - a scroll of amnesia {unknown}
 p - 3 scrolls of remove curse {unknown}
 r - a scroll of enchant weapon {unknown}
 y - 2 scrolls of teleportation {unknown}
 C - a scroll of fog {unknown}
Potions
 d - a potion of heal wounds {unknown}
 h - a potion of curing {unknown}
 j - 2 potions of mutation {unknown}
 m - a potion of haste {unknown}
 o - 2 potions of might {unknown}
 s - a potion of lignification {unknown}
 w - a potion of magic {unknown}
 A - a potion of berserk rage {unknown}
 B - a potion of invisibility {unknown}
Books
 b - a book of Flames

   Spells                             Type                      Level
   a - Flame Tongue                   Conjuration/Fire             1
   b - Throw Flame                    Conjuration/Fire             2
   c - Conjure Flame                  Conjuration/Fire             3
   d - Inner Flame                    Hexes/Fire                   3
   e - Sticky Flame                   Conjuration/Fire             4
   f - Fireball                       Conjuration/Fire             5
 v - a book of Changes

   Spells                             Type                      Level
   a - Beastly Appendage              Transmutation                1
   b - Sticks to Snakes               Transmutation                2
   c - Spider Form                    Transmutation/Poison         3
   d - Ice Form                       Ice/Transmutation            4
   e - Blade Hands                    Transmutation                5
Comestibles
 c - 3 bread rations
 l - a meat ration
 x - 2 royal jellies
 z - 5 chunks of flesh


   Skills:
 + Level 0.4 Fighting
 + Level 0.8 Short Blades
 + Level 3.0 Dodging
 + Level 2.9 Stealth
 + Level 5.0 Spellcasting
 + Level 3.1 Conjurations
 + Level 4.7 Fire Magic


You had 7 spell levels left.
You knew the following spells:

 Your Spells              Type           Power        Failure   Level  Hunger
a - Flame Tongue          Conj/Fire      ###..        1%          1    None
b - Throw Flame           Conj/Fire      ###...       1%          2    None
c - Sticky Flame          Conj/Fire      ###.....     10%         4    ####...


Dungeon Overview and Level Annotations

Branches:
Dungeon (3/15)

Altars:
Nemelex Xobeh
Ru
Xom


Message History

Confirm with . or Enter, or press ? or * to list all spells.
Aiming: Flame Tongue
Press: ? - help, Shift-Dir - straight line, f - orc
Aim: an orc The flame tongue hits the orc.
You kill the orc!
The orc priest invokes the aid of Beogh against you.
Beogh smites you!
You hear a shout!
Casting: Flame Tongue
Confirm with . or Enter, or press ? or * to list all spells.
Aiming: Throw Flame
Press: ? - help, Shift-Dir - straight line, f - orc priest
Aim: an orc priest, wielding a falchion The puff of flame hits the orc priest.
The orc priest is heavily wounded.
The orc priest calls down the wrath of Beogh upon you.
Beogh smites you!
Ouch! That really hurt!
You die...

#....# ##..##
##.## .# #..# #o#
... ##.## #.# ....
#..# #o# .... ##.#
####.##.w...
###.###..†(.#.....
#.......@.........
#.##.##...........
#.##..####........
#.###.## #.#######
#.# #..# #.# #.#
##.###.####### #.#
#..##.......# #.#
##.##.......#
#...........#


You could see an orc priest.

Vanquished Creatures
  Sigmund (D:2)
  Terence (D:2)
  An adder (D:3)
  A dart slug (D:1)
  A leopard gecko (D:1)
  2 orcs (D:3)
  3 ball pythons
  A bat skeleton (D:2)
  4 goblins
  8 hobgoblins
  6 jackals
  5 kobolds
  4 bats
  A frilled lizard (D:1)
  A leopard gecko skeleton (D:2)
  5 rats
  A butterfly (D:2)
46 creatures vanquished.

Notes
Turn   | Place    | Note
-------+----------+-------------------------------------------
     0 | D:1      | dvd the Deep Elf Fire Elementalist began the quest for the Orb.
     0 | D:1      | Reached XP level 1. HP: 10/10 MP: 6/6
   294 | D:1      | Reached XP level 2. HP: 15/15 MP: 2/8
   357 | D:1      | Learned a level 2 spell: Throw Flame
  1143 | D:1      | Reached XP level 3. HP: 18/19 MP: 0/10
  1288 | D:2      | Found a shimmering altar of Xom.
  1427 | D:2      | Found a sacrificial altar of Ru.
  1432 | D:2      | Became a worshipper of Ru the Awakened
  1450 | D:2      | Noticed Terence
  1460 | D:2      | Killed Terence
  1687 | D:2      | Noticed Sigmund
  1704 | D:2      | Killed Sigmund
  1704 | D:2      | Reached skill level 4 in Spellcasting
  1704 | D:2      | Reached XP level 4. HP: 17/24 MP: 0/12
  1704 | D:2      | Reached XP level 5. HP: 20/28 MP: 0/14
  1715 | D:2      | Learned a level 4 spell: Sticky Flame
  1900 | D:2      | Reached skill level 5 in Spellcasting
  2139 | D:3      | Found a sparkling altar of Nemelex Xobeh.
  2304 | D:3      | Killed from afar by an orc priest

Vault maps used:
D:1:      dpeg_arrival_water_temple_mockup, st_stairs_11, feat_on_display
D:2:      xom_butterflies, lemuel_doored_altar, serial_undead, serial_undead_c,
          serial_undead_c, serial_undead_d, serial_undead_a, uniq_sigmund,
          uniq_terence
D:3:      kennysheep_big_flooded_room, overflow_temple_1_default

Skill      XL: |  1  2  3  4  5 |
---------------+----------------+-----
Fire Magic     | 4 |  4.7
Dodging        | 3 |  3.0
Spellcasting   | 4 5 |  5.0
Conjurations   | 2 3 |  3.1
Fighting       | |  0.4
Short Blades   | |  0.8
Stealth        | |  2.9

Action                   |  1- 3 |  4- 6 || total
-------------------------+-------+-------++-------
Melee: Dagger            |    10 |     1 ||    11
 Cast: Flame Tongue      |    45 |    10 ||    55
       Throw Flame       |    21 |    15 ||    36
       Sticky Flame      |       |     1 ||     1
 Stab: Sleeping          |       |     1 ||     1
  Eat: Chunk             |     2 |     3 ||     5
Armor: Robe              |     8 |       ||     8
Dodge: Dodged            |    29 |       ||    29
